 Dungeon Crawl Stone Soup version 0.29.1-14-g9c671dbff4 (webtiles) character file.

Game seed: 9459505089022830046

3943 hawla the Thaumaturge (level 10, -3/73 HPs)
             Began as a Meteoran Fire Elementalist on Feb 14, 2023.
             Killed from afar by an acid dragon (22 damage)
             ... with a splash of acid
             ... on level 9 of the Dungeon.
             The game lasted 00:12:17 (4207 turns).

hawla the Thaumaturge (Meteoran Fire Elementalist)  Turns: 4207, Time: 00:12:17

Health: -3/73      AC:  3    Str: 10    XL:     10   Next: 72%
Magic:  12/25      EV: 14    Int: 22    God:
Gold:   122        SH:  0    Dex: 14    Spells: 23/30 levels left

rFire   . . .      SeeInvis .   b - +3 great sword (freeze)
rCold   . . .      Faith    .   (shield currently unavailable)
rNeg    . . .      Spirit   .   w - +0 robe {rPois}
rPois   +          Reflect  .   h - +0 helmet
rElec   .          Harm     .   (no cloak)
rCorr   .          Rampage  .   (no gloves)
Will    ++...                   (no boots)
Stlth   +.........              f - amulet of regeneration
HPRegen 1.02/turn               n - ring of willpower
MPRegen 0.19/turn               x - ring of flight

@: flying, glowing
A: sense surroundings 2, otherworldly, glowing, explore regen
a: no special abilities


You were on level 9 of the Dungeon.
You visited 2 branches of the dungeon, and saw 10 of its levels.

You collected 192 gold pieces.
You spent 70 gold pieces at shops.

Inventory:

Hand Weapons
 b - a +3 great sword of freezing (weapon)
Armour
 h - a +0 helmet (worn)
 w - a +0 robe of poison resistance (worn)
Jewellery
 f - an amulet of regeneration (around neck)
 n - a ring of willpower (left hand)
 x - a ring of flight (right hand)
Wands
 o - a wand of mindburst (27) (quivered)
 r - a wand of acid (9)
Scrolls
 a - a scroll of magic mapping {unknown}
 e - a scroll of identify
 i - a scroll of teleportation {unknown}
 j - a scroll of blinking
 k - a scroll of enchant weapon
 p - 2 scrolls of acquirement {unknown}
 q - a scroll of fear {unknown}
 v - a scroll of vulnerability {unknown}
 y - a scroll of summoning {unknown}
 z - a scroll of immolation {unknown}
Potions
 c - a potion of mutation {unknown}
 d - 2 potions of haste
 g - a potion of cancellation
 l - 6 potions of curing
 m - 2 potions of attraction
 s - a potion of magic
 t - a potion of resistance
 u - a potion of heal wounds


   Skills:
 + Level 2.1 Fighting
 + Level 2.9 Long Blades
 + Level 4.8 Dodging
 - Level 1.4 Stealth
 + Level 10.7 Spellcasting
 + Level 7.1 Conjurations
 + Level 10.3 Fire Magic
 + Level 3.0 Evocations


You had 23 spell levels left.
You knew the following spells:

 Your Spells              Type           Power      Damage    Failure   Level
a - Foxfire               Conj/Fire      100%       2x1d9     1%          1
b - Scorch                Fire           100%       2d10      1%          2
c - Flame Wave            Conj/Fire      50%        2d12      1%          4

Your spell library contained the following spells:

 Spells                   Type           Power      Damage    Failure   Level
 Conjure Flame            Conj/Fire      50%        6-21      1%          3
 Inner Flame              Hex/Fire       34%        N/A       1%          3


Dungeon Overview and Level Annotations

Branches:
Dungeon (9/15) Zot: 1355   Temple (1/1) D:6 Zot: 417
   Lair: D:8-11         Orc: D:9-12

Altars:
Ashenzari
Cheibriados
Dithmenos
Elyvilon
Fedhas
Gozag
Hepliaklqana
Kikubaaqudgha
Makhleb
Nemelex Xobeh
Okawaru
Qazlal
Ru
Sif Muna
Trog
Uskayaw
Xom
Yredelemnul
Zin
The Shining One

Shops:
D:4 =   D:6 *

Annotations:
D:2 Sigmund


Innate Abilities, Weirdness & Mutations

You passively map the area around you.
You are easily found by Zot.
You glow in the dark.
You regain HP and MP as you explore.


Message History

A wave of flame ripples out!
The flame wave engulfs the hornet!
The hornet is lightly wounded.
You hear a shout! x2
The hornet stings you!
An acid dragon comes into view.
The hornet closely misses you.
A wave of flame ripples out!
The flame wave engulfs the hornet!!
The hornet is almost dead.
The flame wave engulfs the wight but does no damage.
You finish channelling waves of flame.
You hear a shout! x3
The hornet stings you!
Unknown command.
Casting: Flame Wave (dangerous; 1% risk of failure)
Confirm with . or Enter, or press ? or * to list all spells.
Casting: Flame Wave (dangerous; 1% risk of failure)
Press: ? - help, Dir - look around, f - activate A wave of flame ripples out!
The flame wave engulfs the hornet!
You kill the hornet!
The flame wave engulfs the wight!
The wight is almost destroyed. (Press . to intensify the flame waves.)
The wight completely misses you.
Your life force feels restored.
A wave of flame ripples out!
The flame wave engulfs the wight but does no damage.
The wight is almost destroyed.
The wight hits you with a +3 dagger.
* * * LOW HITPOINT WARNING * * *
A wave of flame ripples out!
The flame wave engulfs the wight!
You destroy the wight!
The flame wave engulfs the wight!
The wight is heavily damaged.
The flame wave engulfs the wight!
The wight is almost destroyed.
You finish channelling waves of flame.
You hear a shout! x3
The acid dragon spits acid at you. The splash of acid hits you!!
You die...

* , ,, , .....# .#
,,......#### ,$.#
.........# *...# , * ,
.........#########!..#,
, ......................
, ,
...................<.. ,
, ,
.....z†.)............. ,
.....z)@.$....<.......,,
, , ,
...................(.. ,
, ,
.?..............)..... ,
,
,......................
...D........######.... ,
, ,, ....?.#....... *
*...., * .....##........
* ### * , .....
....#.... ,, ,, , * *


You could see an acid dragon (catching breath) and 2 wights.

Vanquished Creatures
  A hornet (D:9)
  A wyvern (D:4)
  3 steam dragons
  2 water moccasins
  A black bear (D:6)
  An orc warrior (D:6)
  An ogre (D:6)
  2 centaurs
  2 phantoms
  3 kobold brigands
  3 bullfrogs
  3 scorpions (D:5)
  2 necrophages
  16 wights
  6 killer bees (D:8)
  2 howler monkeys
  2 hounds
  2 jellies
  5 orc priests
  3 iguanas
  5 orc wizards
  6 adders
  3 gnolls (D:6)
  A shadow imp (D:5)
  2 white imps
  An ufetubus (D:5)
  11 orcs
  A ball python (D:2)
  A bat (D:3)
  5 endoplasms
  2 giant cockroaches
  3 goblins
  2 hobgoblins (D:1)
  4 jackals
  3 quokkas
  A frilled lizard (D:1)
  4 kobolds
  A rat (D:1)
  2 rat zombies (D:7)
119 creatures vanquished.

Vanquished Creatures (others)
  141 foxfires
141 creatures vanquished.

Grand Total: 260 creatures vanquished

Notes
Turn   | Place    | Note
-------+----------+-------------------------------------------
     0 | D:1      | hawla the Meteoran Fire Elementalist began the quest for
                  | the Orb.
     0 | D:1      | Reached XP level 1. HP: 14/14 MP: 5/5
    97 | D:1      | Reached XP level 2. HP: 20/20 MP: 1/6
   113 | D:1      | You fall into a shaft and drop 1 floor!
   114 | D:2      | Noticed Sigmund
   146 | D:3      | Noticed a kobold brigand
   172 | D:4      | Learned a level 2 spell: Scorch
   206 | D:4      | Found Keny's Jewellery Boutique.
   212 | D:4      | Reached XP level 3. HP: 26/26 MP: 2/8
   244 | D:4      | Found a sacrificial altar of Ru.
   356 | D:4      | Reached XP level 4. HP: 22/33 MP: 3/10
   370 | D:4      | Reached skill level 5 in Fire Magic
   370 | D:4      | Reached XP level 5. HP: 35/38 MP: 1/11
   384 | D:4      | Learned a level 4 spell: Flame Wave
   461 | D:4      | Found a hide-covered altar of Uskayaw.
   583 | D:4      | Noticed a wyvern
   588 | D:4      | HP: 1/38 [wyvern (11)]
   591 | D:4      | Killed a wyvern
   592 | D:4      | Reached skill level 5 in Conjurations
   592 | D:4      | Reached XP level 6. HP: 30/45 MP: 1/12
   639 | D:4      | Found a broken altar of Ashenzari.
   743 | D:5      | Entered Level 5 of the Dungeon
   753 | D:5      | Reached XP level 7. HP: 48/50 MP: 1/14
   821 | D:5      | Reached skill level 5 in Spellcasting
   860 | D:5      | Reached XP level 8. HP: 24/57 MP: 1/17
  1248 | D:6      | Reached skill level 1 in Evocations
  1251 | D:6      | Gained mutation: You passively map the area around you.
                  | [Meteoran growth]
  1251 | D:6      | Reached XP level 9. HP: 15/63 MP: 5/20
  1419 | D:6      | Reached skill level 1 in Fighting
  1554 | D:6      | Reached skill level 1 in Long Blades
  1732 | D:6      | Found a staircase to the Ecumenical Temple.
  1755 | Temple   | Entered the Ecumenical Temple
  2412 | D:6      | Found Ovvucoy's Serpentskin Sales.
  2421 | D:6      | Bought a +0 robe of poison resistance for 70 gold pieces
  2575 | D:7      | Found an ancient bone altar of Kikubaaqudgha.
  2824 | D:7      | Reached XP level 10. HP: 27/72 MP: 11/23
  3663 | D:8      | Reached skill level 10 in Spellcasting
  3668 | D:8      | Reached skill level 10 in Fire Magic
  4207 | D:9      | Killed from afar by an acid dragon

Illustrated notes

Levels and vault maps discovered:
D:1:      dpeg_arrival_brainrot, layout_basic, ebering_ecumenical_altar_ruins,
          nrook_mini_backslash
D:2:      layout_basic, serial_bayou_pond_e, uniq_crazy_yiuf_cottage,
          uniq_sigmund
D:3:      layout_basic, grunt_ministairs_9, grunt_decor_one_mirror,
          minmay_misc_feat_tower
D:4:      layout_gridville, mainiacjoe_overflow_six_doors_small,
          mainiacjoe_overflow_cross_hatched, nicolae_ru_awakened_eye,
          serial_shops, shop
D:5:      layout_rooms
D:6:      layout_basic, minmay_temple_entry_arrows, serial_co_window_serial,
          co_window_corner_a, co_window_paths_b, co_window_corner_a,
          co_window_paths_a, co_window_corner_a, co_window_broadway_a,
          co_window_broadway_b, co_window_of_opportunity_c, co_window_4corner_a,
          co_window_4corner_b, st_stairs_3, guppyfry_shop_venom
D:7:      layout_layer_cave, lemuel_zombie_altar_kikubaaqudgha, serial_rivers,
          chequers_serial_rivers_micro_a, chequers_serial_rivers_large_a,
          chequers_serial_rivers_micro_a, chequers_serial_rivers_micro_a,
          chequers_serial_rivers_room_b, chequers_serial_rivers_micro_d
D:8:      layout_basic
D:9:      layout_cross, vehumet_crystals, orc_david_3, ebering_ghost_xom,
          uniq_pikel
Temple:   nicolae_temple_slightly_damp_pantheon

Skill      XL: |  1  2  3  4  5  6  7  8  9 10 |
---------------+-------------------------------+-----
Fire Magic     | 4 5 6 7 9 10 | 10.3
Spellcasting   | 3 4 5 6 8 10 | 10.7
Dodging        | 3 4 |  4.8
Conjurations   | 5 6 7 |  7.1
Evocations     | 3 |  3.0
Fighting       | 1 2 |  2.1
Long Blades    | 1 2 |  2.9
Stealth        | |  1.4

Action                   |  1- 3 |  4- 6 |  7- 9 | 10-12 || total
-------------------------+-------+-------+-------+-------++-------
Melee: Unarmed           |     9 |     1 |       |       ||    10
       Great sword       |       |       |    12 |     8 ||    20
 Cast: Foxfire           |    21 |    13 |    38 |    17 ||    89
       Scorch            |     4 |    13 |    38 |    23 ||    78
       Flame Wave        |       |       |    13 |     9 ||    22
  Use: Scroll            |     2 |       |     8 |       ||    10
       Potion            |     1 |     1 |     1 |       ||     3
Armor: Robe              |    16 |       |    14 |     5 ||    35
Dodge: Dodged            |    29 |     4 |    53 |    27 ||   113
